Map: Lerilak Crest

Players

Dimmer

  • Race: Protoss Protoss
  • League: Bronze

NordWind - Winner!

  • Race: Zerg Zerg

VOD

Have the link to the VOD?

Description

Time

  • Played on: Nov. 19, 2015, 10:10 p.m.
  • Length: 13:03
Show
View Real Time Build Order
Export as new Build Order

Dimmer Protoss 

Build Orders:  

Get SALT Encoding   

  12  0:03  Probe (Chrono Boost)  
  13  0:25  Pylon  
  13  0:34  Probe (Chrono Boost)  
  14  0:45  Probe (Chrono Boost)  
  15  0:50  Gateway  
  15  0:53  Gateway  
  15  1:09  Assimilator  
  16  1:11  Probe (Chrono Boost)  
  16  1:22  Probe (Chrono Boost)  
  17  1:32  Probe (Chrono Boost)  
  18  1:51  Zealot x2  
  22  1:56  Pylon  
  22  2:16  Pylon  
  22  2:18  Zealot x2  
  22  2:22  Pylon  
  26  2:23  Pylon  
  26  2:39  Gateway  
  26  2:45  Zealot x2  
  26  2:50  Gateway  
  30  3:13  Zealot  
  30  3:14  Zealot  
  34  3:20  Pylon  
  33  3:41  Zealot  
  35  3:43  Zealot x3  
  37  4:09  Zealot  
  35  4:10  Zealot x3  
  35  4:39  Zealot  
  35  4:40  Zealot x3  
  37  5:09  Cybernetics Core  
  33  5:35  Zealot x3  
  35  5:36  Zealot  
  29  6:02  Zealot x3  
  29  6:03  Zealot  
  33  6:18  Warp Gate  
  33  6:29  Stalker x2, Zealot  
  33  6:32  Forge  
  39  6:39  Zealot  
  41  6:56  Probe (Chrono Boost)  
  42  7:02  Assimilator  
  42  7:07  Probe (Chrono Boost)  
  41  7:25  Zealot x4  
  49  7:53  Zealot x2  
  41  8:12  Zealot x2  
  35  8:20  Zealot  
  33  8:44  Photon Cannon x2  
  33  8:50  Stargate  
  31  9:03  Stalker x2  
  35  9:16  Photon Cannon  
  35  9:17  Photon Cannon  
  35  9:36  Photon Cannon  
  35  10:18  Pylon  
  31  10:42  Photon Cannon  
  31  10:43  Photon Cannon  
  31  10:45  Pylon  
  31  10:50  Stalker x2  
  31  10:51  Stalker  
  31  10:52  Stalker  
  37  11:10  Photon Cannon  
  35  12:10  Pylon  
  35  12:25  Pylon  
  35  12:26  Photon Cannon  
  35  12:31  Photon Cannon  
  35  12:45  Photon Cannon  
Show
View Real Time Build Order
Export as new Build Order

NordWind Zerg - Winner!

Build Orders: 3 Hatch before Pool 

Get SALT Encoding   

  12  0:02  Drone  
  13  0:13  Overlord  
  13  0:20  Drone  
  14  0:45  Hatchery  
  13  1:00  Drone  
  14  1:18  Hatchery  
  13  1:27  Drone  
  13  1:31  Drone  
  15  1:46  Spawning Pool  
  14  1:55  Extractor  
  13  2:04  Drone x4  
  17  2:13  Drone  
  18  2:23  Drone  
  18  2:24  Drone  
  20  2:32  Drone x3  
  23  2:38  Queen  
  25  2:46  Queen  
  27  2:55  Queen  
  29  3:01  Overlord  
  29  3:04  Zergling x2  
  29  3:18  Zergling x8  
  32  3:39  Zergling x6  
  34  3:47  Zergling x2  
  34  3:48  Zergling x10  
  40  4:05  Zergling x2  
  40  4:06  Zergling x2  
  40  4:07  Overlord  
  40  4:08  Overlord  
  40  4:41  Roach Warren  
  40  4:43  Extractor  
  40  4:44  Drone x3  
  36  5:08  Drone x4  
  36  5:09  Drone x5  
  36  5:14  Queen  
  45  5:15  Queen  
  49  5:27  Zergling x10  
  52  5:33  Drone x2  
  52  5:34  Drone  
  49  5:39  Zergling x4  
  46  5:50  Queen  
  46  6:07  Drone x2  
  46  6:08  Drone x5  
  53  6:25  Drone x3  
  55  6:26  Drone x2  
  58  6:38  Extractor  
  58  6:40  Drone, Extractor  
  58  6:44  Overlord  
  58  6:45  Overlord x2  
  57  7:05  Drone x4  
  58  7:15  Zergling x2  
  58  7:16  Zergling x16  
  64  7:24  Lair  
  64  7:25  Metabolic Boost  
  64  7:27  Zergling x2  
  64  7:28  Zergling x18  
  64  7:39  Spine Crawler  
  64  7:40  Spine Crawler  
  64  7:41  Spine Crawler  
  57  7:57  Roach x8  
  64  8:12  Drone  
  64  8:21  Drone x2  
  66  8:31  Hatchery  
  66  8:33  Overlord x2  
  66  8:34  Overlord  
  65  8:38  Roach x3  
  71  9:29  Queen  
  73  9:38  Drone  
  73  9:39  Drone  
  73  9:41  Drone  
  73  9:42  Drone x6  
  82  9:54  Spire  
  82  9:56  Drone  
  82  10:00  Queen  
  84  10:08  Roach x10  
  104  10:17  Hydralisk Den  
  103  10:22  Evolution Chamber  
  101  10:33  Zergling x8  
  105  10:45  Overlord x5  
  105  10:53  Extractor  
  105  10:55  Drone, Extractor  
  104  11:09  Mutalisk x4  
  104  11:10  Mutalisk x2  
  116  11:25  Mutalisk x3  
  116  11:26  Mutalisk x4  
  116  11:31  Overlord  
  130  11:40  Zergling x2  
  130  11:41  Zergling x4  
  133  11:55  Queen  
  135  12:01  Infestation Pit  
  134  12:12  Mutalisk x2  
  134  12:13  Mutalisk x6  
  134  12:14  Mutalisk x2  
  154  12:28  Overlord x5  
Tags
 
Add a new tag
Caveats
  • Supply blocks, unpowered buildings, or Contaminate may cause inaccurate times.
  • Supply counts are checked every 10 seconds.